 Dungeon Crawl Stone Soup version 0.17.1-3-g152610e (webtiles) character file.

127 Shotgun the Skirmisher (level 4, -3/35 HPs)
             Began as a Demonspawn Fighter on Apr 20, 2016.
             Slain by Natasha (6 damage)
             ... on level 4 of the Dungeon.
             The game lasted 00:04:44 (2351 turns).

Shotgun the Skirmisher (Demonspawn Fighter)         Turns: 2351, Time: 00:04:46

Health: -3/35      AC:  9    Str: 17    XL:     4   Next: 85%
Magic:  4/4        EV:  5    Int:  9    God:
Gold:   184        SH:  9    Dex: 13    Spells: 0 memorised, 3 levels left

rFire  . . .     SeeInvis .     a - +0 long sword
rCold  . . .     Clarity  .     j - +0 chain mail
rNeg   . . .     SustAt   .     c - +0 shield
rPois  .         Gourm    .     (no helmet)
rElec  .         Spirit   .     (no cloak)
rCorr  .         Warding  .     (no gloves)
rMut   .         Stasis   .     (no boots)
MR     .....                    (no amulet)
Stlth  ..........               (no ring)
                                (no ring)

@: lethally poisoned (-3 -> -7), slowed, very slow, not resistant to hostile
enchantments, extremely unstealthy
A: talons 1
a: no special abilities


You were on level 4 of the Dungeon.
You were hungry.

You visited 1 branch of the dungeon, and saw 4 of its levels.

You collected 184 gold pieces.

Inventory:

Hand Weapons
 a - a +0 long sword (weapon)
Armour
 b - a +0 scale mail
 c - a +0 shield (worn)
 j - a +0 chain mail (worn)
Jewellery
 f - an uncursed ring of positive energy {unknown}
 t - an uncursed ring of see invisible {unknown}
Scrolls
 g - a scroll of magic mapping {unknown}
 i - 3 scrolls of identify {unknown}
 l - a scroll of blinking {unknown}
 n - a scroll of fear {unknown}
 o - 2 scrolls of enchant weapon {unknown}
 u - a scroll of random uselessness {unknown}
 v - a scroll of noise {unknown}
Potions
 d - 2 potions of might
 h - a potion of degeneration {unknown}
 p - a potion of ambrosia {unknown}
 q - a potion of curing {unknown}
 r - 2 potions of flight {unknown}
 s - 2 potions of haste {unknown}
 w - a potion of magic {unknown}
Comestibles
 e - 3 bread rations
 k - a slice of pizza
 m - a beef jerky


   Skills:
 + Level 3.3 Fighting
 + Level 2.5 Long Blades
 + Level 3.1 Armour
 * Level 2.3 Dodging
 + Level 3.2 Shields


You had 3 spell levels left.
You didn't know any spells.

Dungeon Overview and Level Annotations

Branches:
Dungeon (4/15)
 Temple: D:4-7

Altars:
Nemelex Xobeh

Annotations:
D:4 Natasha


Innate Abilities, Weirdness & Mutations

You have sharp toenails.


Message History

Natasha claws you!
* * * LOW HITPOINT WARNING * * *
The worker ant closely misses you. You block Natasha's attack.
You block the crimson imp's attack.
You closely miss Natasha.
You feel sick. You block the worker ant's attack. Natasha claws you.
* * * LOW HITPOINT WARNING * * *
The crimson imp blinks!
The worker ant bites you.
* * * LOW HITPOINT WARNING * * *
Natasha casts a spell at you.
You feel as though you will be slow longer.
You block the worker ant's attack.
Your chain mail prevents you from hitting the worker ant.
You claw the worker ant, but do no damage.
The worker ant is almost dead.
* * * LOW HITPOINT WARNING * * *
You feel sick. You block the worker ant's attack.
Natasha casts a spell.
You block the worker ant's attack. Natasha claws you.
You die...

# ######..#
##@.ยง.>..#
#ha#####.#
......55##
.......5#
........#
........#
.#####.#?
.. . .# #


You could see a worker ant, an iron imp, Natasha and 2 crimson imps.

Vanquished Creatures
  A giant frog skeleton (D:3)
  2 adders (D:2)
  An ooze (D:3)
  2 worms (D:2)
  4 giant geckos
  An orc (D:3)
  A giant cockroach (D:2)
  5 goblins
  7 hobgoblins
  11 jackals
  7 kobolds
  2 ball pythons (D:2)
  6 bats
  5 giant newts
  2 quokkas
  11 rats
68 creatures vanquished.

Notes
Turn   | Place    | Note
--------------------------------------------------------------
     0 | D:1      | Shotgun the Demonspawn Fighter began the quest for the Orb.
     0 | D:1      | Reached XP level 1. HP: 18/18 MP: 1/1
   208 | D:1      | Gained mutation: You have sharp toenails. [demonic ancestry]
   208 | D:1      | Reached XP level 2. HP: 20/24 MP: 2/2
   310 | D:1      | Reached skill level 1 in Dodging
   537 | D:2      | Reached XP level 3. HP: 27/29 MP: 3/3
  1287 | D:2      | Reached XP level 4. HP: 27/35 MP: 4/4
  1906 | D:3      | Found a sparkling altar of Nemelex Xobeh.
  2337 | D:4      | Noticed Natasha
  2351 | D:4      | Slain by Natasha

Action                   |  1- 3 |  4- 6 || total
-------------------------+-------+-------++-------
Melee: Long sword        |   135 |    87 ||   222
  Eat: Bread ration      |       |     1 ||     1
